 Dungeon Crawl Stone Soup version 0.31-a0-875-g02e7d12df6 (webtiles) character file.

Game seed: 8626808998789054326

2769 ytrimaz the Covert (level 9, -7/55 HPs)
             Began as an Octopode Shapeshifter on Oct 12, 2023.
             Was an Initiate of Ashenzari.
             Constricted to death by Pikel (8 damage)
             ... on level 5 of the Dungeon.
             The game lasted 00:08:11 (4858 turns).

ytrimaz the Covert (Octopode Shapeshifter)          Turns: 4858, Time: 00:08:12

Health: -7/55      AC:  1    Str: 16 (19) XL:     9   Next: 69%
Magic:  9/9        EV: 15    Int: 11 (13) God:    Ashenzari [......]
Gold:   343        SH:  0    Dex: 13 (14) Spells: 8/8 levels left

rFire   + +          .
                       - Unarmed
rCold   . . .        (no shield)
rNeg    . . .        (helmet currently unavailable)
rPois   +            n - amulet of regeneration
rElec   .            g - ring of Fabruxix {+Blink Fly Will- Dex+3}
rCorr   .            k - ring of protection from fire
SInv    .            p - ring of the Sublime Sage {rPois rF+ Str+6 Dex-4, Self, Alch} (curse)
Will    .....        d - +5 ring of evasion
Stlth   ++++++       (no ring)
HPRegen 1.09/turn    (no ring)
MPRegen 0.11/turn    (no ring)
                     (no ring)

%: no passive effects
@: beast-form, grasped by roots, flying, constricted
A: beast (slay +1), almost no armour, amphibious, 8 rings, camouflage 1,
gelatinous body 1, (nimble swimmer 1), tentacles
a: Begin Untransformation, Renounce Religion, Evoke Blink, Curse Item, Shatter
the Chains


You were on level 5 of the Dungeon.
You worshipped Ashenzari.
Ashenzari was noncommittal.
You were a hulking beast.
You visited 2 branches of the dungeon, and saw 7 of its levels.

You collected 343 gold pieces.


Innate Abilities, Weirdness & Mutations

You are a hulking beast.
Your limbs bulge with bestial killing power. (Slay +1)
You cannot wear most types of armour.
You are amphibious.
You can wear up to eight rings at the same time.
Your skin changes colour to match your surroundings (Stealth+).
Your rubbery body absorbs attacks. (AC +1, EV +1)
((You are camouflaged when in or above water. (Stealth+)))
You have tentacles for arms and can constrict up to eight enemies at once.


   Skills:
 + Level 2.3(2.7) Fighting
 - Level 2.0 Dodging
 - Level 13.0 Stealth
 + Level 8.0 Unarmed Combat
 - Level 5.0 Evocations
 - Level 3.0 Shapeshifting


You had 8 spell levels left.
You didn't know any spells.
Your spell library contained the following spells:

 Spells                   Type           Power      Damage    Failure   Level
 Magic Dart               Conj           0%         1d3       34%         1
 Call Canine Familiar     Summ           0%         N/A       71%         3
 Sigil of Binding         Hex            0%         N/A       71%         3
 Dimensional Bullseye     Hex/Tloc       0%         N/A       98%         4
 Leda's Liquefaction      Hex/Erth       0%         N/A       98%         4

Inventory:

Jewellery
 d - a +5 ring of evasion (on tentacle)
   (You found it on level 5 of the Dungeon)
 g - the ring of Fabruxix (left tentacle) {+Blink Fly Will- Dex+3}
   (You found it on level 2 of the Dungeon)

   [ring of flight]

   Dex+3:     It affects your dexterity (+3).
   Will-:     It decreases your willpower.
   Fly:       It grants you flight.
   +Blink:    It lets you blink.
 k - a ring of protection from fire (right tentacle)
   (You found it on level 2 of the Dungeon)
 n - an amulet of regeneration (around mantle)
   (You found it on level 3 of the Dungeon)
 p - the cursed ring of the Sublime Sage (on tentacle) {rPois rF+ Str+6 Dex-4, Self, Alch}
   (You found it on level 3 of the Dungeon)

   [ring of strength]

   Str+6:     It affects your strength (+6).
   Dex-4:     It affects your dexterity (-4).
   rF+:       It protects you from fire.
   rPois:     It protects you from poison It has a curse which improves the
   following skills: Introspection: Fighting and Spellcasting.
   Alchemy:   Poison Magic and Transmutations.
Talismans
 b - a beast talisman (active)
 c - a flux talisman
Wands
 a - a wand of flame (18)
   (You took it off Grinder on level 3 of the Dungeon)
 m - a wand of paralysis (33) (quivered)
   (You took it off Ijyb on level 3 of the Dungeon)
Scrolls
 i - a scroll of teleportation {unknown}
 l - 3 scrolls of amnesia
 o - a scroll of brand weapon
 q - a scroll of fear {unknown}
 t - a scroll of identify
 v - a scroll of enchant weapon {unknown}
Potions
 e - a potion of enlightenment
 s - 2 potions of cancellation {unknown}

Dungeon Overview and Level Annotations

Branches:
Dungeon (6/15) Zot: 25972  Temple (1/1) D:4 Zot: 5980

Altars:
Ashenzari
Cheibriados
Dithmenos
Elyvilon
Fedhas
Gozag
Kikubaaqudgha
Nemelex Xobeh
Okawaru
Qazlal
Ru
Sif Muna
Trog
Uskayaw
Vehumet
Wu Jian
Xom
Yredelemnul
Zin
The Shining One

Annotations:
D:5 Pikel

#..## #.....####..... ##..#
##.##### #.....
##.##########..########.....
#.......##...........#.....
##......##.#.#######.#.....
#......##.#.# #.......
#.........#.# ####....
#########5#.# #####
#.......#h55# #._..._.##s##
#.......##K# ##.....###.#
###'####..# #......##
########


You could see Pikel, 3 lemures and a scorpion.


Message History

Your grab misses the lemure.
You squeeze the lemure, but do no damage.
The lemure hits you.
* * * LOW HITPOINT WARNING * * *
😨 HP[-1]
You take 1 damage, and now have 25/55 hp.
You tentacle-slap the lemure. You grab the lemure. You constrict the lemure.
The lemure closely misses you. 😨 HP[+1]
You tentacle-slap the lemure. You squeeze the lemure. You constrict the lemure.
The lemure completely misses you. 😨 HP[+1] Unknown command.
You tentacle-slap the lemure. You constrict the lemure.
The lemure completely misses you. 😮 HP[+1]
You bludgeon the lemure!
You kill the lemure!
That felt strangely unrewarding. 😮 HP[+1]
You bludgeon the orc!
You kill the orc! 😮 HP[+1] Unknown command.
You now have 343 gold pieces (gained 18).
Items here: )) [ ††. 😮 HP[+2]
You regained 2 hp, and now have 32/55 hp.
There is a stone staircase leading down here. 😮 HP[+1] Done exploring. 😎 HP[+22]
Your hp is fully restored (55).
Done exploring.
You fly downwards.
Level annotation: Pikel Pikel misses you.
The lemure closely misses you. The lemure hits you!
There is a stone staircase leading up here. 😕 HP[-9]
You take 9 damage, and now have 46/55 hp.
The scorpion stings you.
Pikel hits you with a +1 whip of electrocution!
The lemure barely misses you. The lemure closely misses you.
The lemure barely misses you.
You fly upwards.
There is a stone staircase leading down here. 😮 HP[-13]
You take 13 damage, and now have 33/55 hp.
MASSIVE DAMAGE!! (PAUSE)
You tentacle-slap the scorpion but do no damage.
Your grab misses the scorpion. You squeeze the scorpion.
The scorpion closely misses you. The lemure hits you. The lemure hits you!
* * * LOW HITPOINT WARNING * * *
😨 HP[-10]
You take 10 damage, and now have 23/55 hp.
You barely miss the scorpion. You grab the scorpion. You squeeze the scorpion.
You constrict the scorpion. The scorpion misses you.
Pikel zaps a wand.
The roots erupt in riotous growth!
The scorpion is unaffected.
The grasping roots grab you!
The lemure is unaffected.
Pikel is unaffected.
The lemure is unaffected.
The grasping roots constrict you!
* * * LOW HITPOINT WARNING * * *
The lemure hits you!
* * * LOW HITPOINT WARNING * * *
The lemure closely misses you. 😱 HP[-15]
You take 15 damage, and now have 8/55 hp.
MASSIVE DAMAGE!! (PAUSE) Unknown command.
You feel better.
You constrict the scorpion. The scorpion completely misses you.
The grasping roots constrict you.
* * * LOW HITPOINT WARNING * * *
The lemure misses you. The lemure hits you!
* * * LOW HITPOINT WARNING * * *
The scorpion barely misses you. 😱 HP[-1]
You take 1 damage, and now have 7/55 hp.
You feel better.
You constrict the scorpion, but do no damage.
The grasping roots constrict you!
* * * LOW HITPOINT WARNING * * *
The lemure hits you.
* * * LOW HITPOINT WARNING * * *
The scorpion stings you.
* * * LOW HITPOINT WARNING * * *
The lemure hits you but does no damage. 😱 HP[-4]
You take 4 damage, and now have 3/55 hp.
It was a potion of degeneration.
There was something very wrong with that liquid.
You feel weakened.
You feel dopey.
You feel clumsy.
You constrict the scorpion. The scorpion stings you.
* * * LOW HITPOINT WARNING * * *
The grasping roots constrict you!
You die...
Pikel says, "See you in Hell!"

Skill      XL: |  1  2  3  4  5  6  7  8  9 |
---------------+----------------------------+-----
Stealth        | 2 3 5 6 9 10 12 13 | 13.0
Unarmed Combat | 4 6 8 |  8.0
Evocations     | 4 5 |  5.0
Fighting       | 2 |  2.3
Dodging        | |  2.0
Shapeshifting  | |  3.0

Action                     |  1- 3 |  4- 6 |  7- 9 || total
---------------------------+-------+-------+-------++-------
  Melee: Unarmed           |    47 |    79 |   185 ||   311
         Constrict         |    13 |    10 |    43 ||    66
         Tentacles         |    11 |     6 |    56 ||    73
         Punch             |     1 |     2 |    11 ||    14
 Invoke: Curse Item        |       |       |     1 ||     1
  Evoke: Wand              |       |       |     8 ||     8
    Use: Potion            |       |     3 |     7 ||    10
         Scroll            |       |     1 |    12 ||    13
   Stab: Sleeping          |    10 |    13 |    10 ||    33
         Paralysed         |       |       |    15 ||    15
         Distracted        |       |       |     1 ||     1
 Armour: Skin              |     9 |    51 |    83 ||   143
  Dodge: Dodged            |    24 |    31 |   153 ||   208

Levels and vault maps discovered:
D:1:      sevenhm_arrival_forest_fort_large_4, layout_rooms, dk_noncrumbling_2
D:2:      layout_loops_ring
D:3:      layout_rooms, grunt_temple_overflow_magic_moments,
          hellmonk_ecumenical_altar_lost_god, uniq_grinder, uniq_terence,
          uniq_pargi, uniq_ijyb
D:4:      layout_rooms, mainiacjoe_overflow_cross_hatched,
          mainiacjoe_overflow_small_starburst, temple_statues,
          hangedman_decor_growths, chequers_arboretum
D:5:      layout_basic, grunt_temple_overflow_gold_and_silver,
          uniq_blork_the_orc
D:6:      minmay_octagon_keep, layout_basic, uniq_pikel
Temple:   dshaligram_water_room_temple

Notes
Turn   | Place    | Note
-------+----------+-------------------------------------------
     0 | D:1      | ytrimaz the Octopode Shapeshifter began the quest for the
                  | Orb.
     0 | D:1      | Reached XP level 1. HP: 13/13 MP: 1/1
     0 | D:1      | magus.rc [v1.9.6]
    17 | D:1      | HP: 3/13 [frozen (5)]
    19 | D:1      | Reached skill level 1 in Stealth
   175 | D:1      | Reached skill level 2 in Stealth
   175 | D:1      | Reached XP level 2. HP: 18/18 MP: 2/2
   343 | D:1      | Reached skill level 3 in Stealth
   431 | D:1      | Reached XP level 3. HP: 23/23 MP: 3/3
   471 | D:1      | Reached skill level 4 in Stealth
   613 | D:1      | You fall into a shaft and drop 1 floor!
   736 | D:2      | Identified the ring of Fabruxix {+Blink Fly Will- Dex+3}
   804 | D:2      | Reached skill level 5 in Stealth
   978 | D:1      | Reached XP level 4. HP: 28/28 MP: 4/4
  1497 | D:2      | Identified the +0 cloak of the Kangaroo {*Slow +Blink Str+3
                  | Int+4}
  1521 | D:3      | Noticed Ijyb
  1527 | D:3      | Paralysed by Ijyb for 5 turns
  1536 | D:3      | Paralysed by Ijyb for 2 turns
  1545 | D:3      | Killed Ijyb
  1600 | D:3      | Reached skill level 6 in Stealth
  1606 | D:3      | Found a faded altar of an unknown god.
  1676 | D:3      | Reached XP level 5. HP: 14/33 MP: 5/5
  1681 | D:3      | Reached skill level 7 in Stealth
  1719 | D:3      | Identified the ring "Ciamoim" {rPois rF+ Str+6 Dex-4}
  1789 | D:3      | You pick up a book of the Hunter and begin reading...
  1789 | D:3      | You add the spells Sigil of Binding, Call Canine Familiar,
                  | Dimensional Bullseye and Leda's Liquefaction to your
                  | library.
  1986 | D:3      | Found an ancient bone altar of Kikubaaqudgha.
  1990 | D:3      | Found a shimmering blue altar of Sif Muna.
  1992 | D:3      | Found a radiant altar of Vehumet.
  1993 | D:3      | Noticed Grinder
  1994 | D:3      | magus.rc [v1.9.6]
  1997 | D:3      | Paralysed by Grinder for 5 turns
  2003 | D:3      | Killed Grinder
  2004 | D:3      | Reached skill level 9 in Stealth
  2004 | D:3      | Reached XP level 6. HP: 38/38 MP: 6/6
  2048 | D:3      | Got an antique book
  2133 | D:3      | Noticed Terence
  2143 | D:3      | Killed Terence
  2188 | D:3      | Noticed Pargi
  2199 | D:3      | Killed Pargi
  2200 | D:3      | Reached XP level 7. HP: 25/43 MP: 7/7
  2338 | D:4      | Found a blossoming altar of Fedhas.
  2409 | D:4      | Found an ornate altar of the Wu Jian Council.
  2556 | D:4      | Found a staircase to the Ecumenical Temple.
  2566 | Temple   | Entered the Ecumenical Temple
  2576 | Temple   | Became a worshipper of Ashenzari the Shackled
  2595 | D:4      | Reached skill level 10 in Stealth
  2888 | D:5      | Entered Level 5 of the Dungeon
  2929 | D:5      | Reached skill level 4 in Unarmed Combat
  3075 | D:5      | Noticed Blork the orc
  3215 | D:5      | Killed Blork the orc
  3255 | D:5      | Reached XP level 8. HP: 45/48 MP: 8/8
  3334 | D:5      | Reached skill level 11 in Stealth
  3334 | D:5      | Reached skill level 5 in Unarmed Combat
  3379 | D:5      | Reached skill level 1 in Evocations
  3501 | D:5      | Reached skill level 2 in Evocations
  3578 | D:5      | Found an opulent altar of Gozag.
  3579 | D:5      | Found a glowing silver altar of Zin.
  3949 | D:6      | Reached skill level 3 in Evocations
  3986 | D:6      | Reached skill level 6 in Unarmed Combat
  3995 | D:6      | Reached skill level 12 in Stealth
  4091 | D:6      | Reached skill level 4 in Evocations
  4091 | D:6      | Reached XP level 9. HP: 38/53 MP: 9/9
  4281 | D:6      | Noticed Pikel
  4295 | D:6      | HP: 12/53 [wyvern (3)]
  4299 | D:6      | Reached skill level 5 in Evocations
  4501 | D:6      | Reached skill level 7 in Unarmed Combat
  4520 | D:6      | Reached skill level 13 in Stealth
  4806 | D:6      | Reached skill level 2 in Fighting
  4809 | D:6      | HP: 13/55 [constriction (9)]
  4814 | D:5      | HP: 10/55 [poisoned by a scorpion]
  4819 | D:5      | Reached skill level 8 in Unarmed Combat
  4855 | D:5      | HP: 8/55 [lemure[Pikel] (8)]
  4857 | D:5      | HP: 3/55 [scorpion (6)]
  4858 | D:5      | HP: 1/55 [scorpion (4)]
  4858 | D:5      | Constricted to death by Pikel

Vanquished Creatures
  Grinder (D:3)
  A wyvern (D:6)
  A steam dragon (D:6)
  A water moccasin (D:6)
  Pargi (D:3)
  An ice beast (D:5)
  An orc warrior (D:6)
  3 sky beasts (D:6)
  A black bear (D:6)
  3 ogres
  2 centaurs
  A phantom (D:6)
  A lemure (D:5)
  Blork the orc (D:5)
  A gnoll sergeant (D:6)
  2 scorpions
  3 wights (D:6)
  A howler monkey (D:5)
  A jelly (D:4)
  4 orc priests
  3 hounds (D:5)
  3 gnoll boudas
  Terence (D:3)
  Ijyb (D:3)
  An orc wizard (D:5)
  4 adders
  13 gnolls
  A worm (D:4)
  2 dart slugs
  18 orcs
  A ball python (D:3)
  6 bats
  6 endoplasms
  4 giant cockroaches
  5 hobgoblins
  2 jackals (D:1)
  3 quokkas
  3 frilled lizards
  4 goblins
  4 kobolds
  4 rats
120 creatures vanquished.

Vanquished Creatures (others)
  An adder (D:6)
1 creature vanquished.

Grand Total: 121 creatures vanquished

Table legend:
 A = Non-vault XP
 B = Vault XP
 C = Vault XP percentage of total XP
 D = Non-vault monster count
 E = Vault monster count
 F = Vault count percentage of total count
                 A         B        C        D         E       F
            +---------+---------+-------+---------+---------+-------
      Total |    2836 |    1121 |  28.3 |     109 |      11 |   9.2
            +---------+---------+-------+---------+---------+-------
        D:1 |      43 |       0 |   0.0 |      18 |       0 |   0.0
        D:2 |      51 |       0 |   0.0 |      15 |       0 |   0.0
        D:3 |     123 |     480 |  79.6 |      20 |       4 |  16.7
        D:4 |      67 |       0 |   0.0 |       9 |       0 |   0.0
        D:5 |     779 |     215 |  21.6 |      20 |       3 |  13.0
        D:6 |    1773 |     426 |  19.4 |      27 |       4 |  12.9
            +---------+---------+-------+---------+---------+-------

Skill      XL: |  1  2  3  4  5  6  7  8  9 |
---------------+----------------------------+-----
Stealth        | 2 3 5 6 9 10 12 13 | 13.0
Unarmed Combat | 4 6 8 |  8.0
Evocations     | 4 5 |  5.0
Fighting       | 2 |  2.3
Dodging        | |  2.0
Shapeshifting  | |  3.0

Action                     |  1- 3 |  4- 6 |  7- 9 || total
---------------------------+-------+-------+-------++-------
  Melee: Unarmed           |    47 |    79 |   185 ||   311
         Constrict         |    13 |    10 |    43 ||    66
         Tentacles         |    11 |     6 |    56 ||    73
         Punch             |     1 |     2 |    11 ||    14
 Invoke: Curse Item        |       |       |     1 ||     1
  Evoke: Wand              |       |       |     8 ||     8
    Use: Potion            |       |     3 |     7 ||    10
         Scroll            |       |     1 |    12 ||    13
   Stab: Sleeping          |    10 |    13 |    10 ||    33
         Paralysed         |       |       |    15 ||    15
         Distracted        |       |       |     1 ||     1
 Armour: Skin              |     9 |    51 |    83 ||   143
  Dodge: Dodged            |    24 |    31 |   153 ||   208

Illustrated notes

Table legend:
 A = Kills in this place as a percentage of kills in the entire game.
 B = Kills by you in this place as a percentage of kills by you in the entire game.
 C = Kills by friends in this place as a percentage of kills by friends in the entire game.
 D = Other kills in this place as a percentage of other kills in the entire game.
 E = Experience gained in this place as a percentage of experience gained in the entire game.
 F = Experience gained in this place divided by the number of levels of this place that you have seen.
                   A       B       C       D       E      F
               +-------+-------+-------+-------+-------+----------------------
         Total | 100.0 | 100.0 |   N/A | 100.0 | 100.0 | 565.3
       Dungeon | 100.0 | 100.0 |   N/A | 100.0 | 100.0 | 659.5
               +-------+-------+-------+-------+-------+----------------------

Table legend: (Time is in decaauts)
 A = Elapsed time spent in this place.
 B = Non-inter-level travel time spent in this place.
 C = Inter-level travel time spent in this place.
 D = Time resting spent in this place.
 E = Time spent auto-exploring this place.
 F = Levels seen in this place.
 G = Mean time per level.
                   A        B        C        D        E       F      G
               +--------+--------+--------+--------+--------+-----+--------+
         Total |   4818 |   4536 |    282 |    241 |   3240 |   7 |  688.3 |
       Dungeon |   4798 |   4524 |    274 |    241 |   3240 |   6 |  799.7 |
        Temple |     19 |     11 |      8 |      0 |      0 |   1 |   19.0 |
               +--------+--------+--------+--------+--------+-----+--------+

Top non-repeatable levels by time:
     D:5: 1085 daAuts
     D:1: 834 daAuts
     D:6: 811 daAuts
     D:3: 800 daAuts
     D:2: 682 daAuts
     D:4: 583 daAuts
  Temple: 19 daAuts
